 Dungeon Crawl Stone Soup version 0.23.0-3-gf3c87f2 (webtiles) character file.

Game seed: 3376890697595862718

36 Kairos the Shield-Bearer (level 3, -8/20 HPs)
             Began as a Vine Stalker Fighter on Feb 22, 2019.
             Mangled by a gnoll sergeant
             ... wielding a +0 trident
              (9 damage)
             ... on level 2 of the Dungeon.
             The game lasted 00:01:08 (1043 turns).

Kairos the Shield-Bearer (Vine Stalker Fighter)     Turns: 1043, Time: 00:01:09

Health: -8/20      AC:  6    Str: 19    XL:     3   Next: 37%
Magic:  0/4        EV:  9    Int:  8    God:
Gold:   42         SH:  9    Dex: 13    Spells: 2/2 levels left

rFire    . . .     SeeInvis .   a - +1 war axe
rCold    . . .     Gourm    +   c - +0 shield
rNeg     . . .     Faith    .   b - +0 scale mail
rPois    .         Spirit   +   (helmet restricted)
rElec    .         Reflect  .   (no cloak)
rCorr    .         Harm     .   (no gloves)
MR       .....     Rnd*Rage +   (no boots)
Stlth    ..........             e - amulet of the gourmand
HPRegen  0.06/turn              (no ring)
MPRegen  0.09/turn              (no ring)

@: no status effects
A: fangs 2, horns 1, talons 1, repulsion field 1, berserk 1, magic shield,
antimagic bite, no potion heal 3, rot immunity
a: no special abilities


You were on level 2 of the Dungeon.
You were not hungry.

You visited 1 branch of the dungeon, and saw 2 of its levels.

You collected 42 gold pieces.

Inventory:

Hand Weapons
 a - a +1 war axe (weapon)
Armour
 b - a +0 scale mail (worn)
 c - a +0 shield (worn)
Jewellery
 e - an amulet of the gourmand (around neck)
Scrolls
 h - a scroll of teleportation
 j - a scroll of enchant weapon
 l - 2 scrolls of remove curse
Potions
 d - a potion of might
 g - a potion of agility {unknown}
 i - a potion of heal wounds {unknown}
 k - a potion of ambrosia {unknown}
 m - a potion of curing {unknown}
Comestibles
 f - 2 rations


   Skills:
 + Level 3.1 Fighting
 + Level 2.1 Axes
 + Level 2.6 Armour
 + Level 0.1 Dodging
 + Level 3.2 Shields


You had 2 spell levels left.
You didn't know any spells.
Your spell library was empty.

Dungeon Overview and Level Annotations

Branches:
Dungeon (2/15)

Altars:


Innate Abilities, Weirdness & Mutations

You have extremely sharp teeth.
When hurt, damage is shared between your health and your magic reserves.
Your bite disrupts and absorbs the magic of your enemies.
Potions cannot restore your health.
You are immune to rotting.
You have a pair of small horns on your head.
You have sharp toenails.
You are surrounded by a mild repulsion field. (EV +2)
You tend to lose your temper in combat.


Message History

Your headbutt misses the gnoll sergeant.
The gnoll sergeant is lightly wounded.
The gnoll sergeant hits you with a +0 trident!
You are too injured to fight recklessly!
You are too injured to fight recklessly!
Unknown command.
You are too injured to fight recklessly!
You are too injured to fight recklessly!
Unknown command.
You hit the gnoll sergeant. Your bite misses the gnoll sergeant.
The gnoll sergeant is moderately wounded.
The gnoll sergeant hits you with a +0 trident!
* * * LOW HITPOINT WARNING * * *
You block the gnoll sergeant's attack.
You barely miss the gnoll sergeant.
You claw the gnoll sergeant, but do no damage.
You headbutt the gnoll sergeant, but do no damage.
The gnoll sergeant is moderately wounded.
The gnoll sergeant hits you with a +0 trident!
You die...

...# #.##.###########.#.##.##..#
...####.##.#.....................
......#.##.#.#####.........####..
#####.#.##.#.# #.........+....#
#.#......# #.....>...####.#
#.#.#..#.# ########### ....
#.#>#..#.# .....
#........########### #####
#####.###.......@ggg....
............############
......##....# #.....#
.....###....# #.....# #...)#
#....# #.....# ## #....# #....#
#.....# #####. #....# #....#
#.....# #..... #....###....#
#.....#######.###. #...........#
#.....##....#.####


You could see a gnoll sergeant and 2 gnolls.

Vanquished Creatures
  A gnoll (D:2)
  An adder (D:2)
  A dart slug (D:1)
  A ball python (D:1)
  3 bats
  3 goblins
  A hobgoblin (D:1)
  3 kobolds (D:1)
  A frilled lizard (D:2)
  A rat (D:1)
16 creatures vanquished.

Notes
Turn   | Place    | Note
-------+----------+-------------------------------------------
     0 | D:1      | Kairos the Vine Stalker Fighter began the quest for the
                  | Orb.
     0 | D:1      | Reached XP level 1. HP: 11/11 MP: 2/2
   228 | D:1      | Reached XP level 2. HP: 14/16 MP: 3/3
   842 | D:1      | Gained mutation: Scrolls take you a little longer to read.
                  | [potion of mutation]
   842 | D:1      | Gained mutation: You have sharp toenails. [potion of
                  | mutation]
   843 | D:1      | Lost mutation: You have sharp toenails. [potion of
                  | mutation]
   843 | D:1      | Lost mutation: Scrolls take you a little longer to read.
                  | [potion of mutation]
   843 | D:1      | Gained mutation: You are surrounded by a mild repulsion
                  | field. (EV +2) [potion of mutation]
   843 | D:1      | Gained mutation: You have a pair of small horns on your
                  | head. [potion of mutation]
   843 | D:1      | Gained mutation: You tend to lose your temper in combat.
                  | [potion of mutation]
   843 | D:1      | Gained mutation: You have sharp toenails. [potion of
                  | mutation]
   941 | D:2      | Reached XP level 3. HP: 19/19 MP: 4/4
  1033 | D:2      | Noticed a gnoll sergeant
  1042 | D:2      | HP: 1/20 [gnoll sergeant/+0 trident (7)]
  1043 | D:2      | Mangled by a gnoll sergeant

Skill      XL: |  1  2  3 |
---------------+----------+-----
Axes           | 2 |  2.1
Shields        | 3 |  3.2
Fighting       | 3 |  3.1
Armour         | |  2.6
Dodging        | |  0.1

Action                   || total
-------------------------++-------
Melee: War axe           ||    43
       Bite              ||     6
       Headbutt          ||     5
       Kick              ||     3
  Use: Scroll            ||     5
       Potion            ||     2
Armor: Scale mail        ||    20
Dodge: Dodged            ||    13
Block: Shield            ||    25
